AoeStats
← 17_Neo_

Arabia

509654778Analyzed
1v1 RM · 5d ago on Sep 27, 2026· 29m 58s· 2 players
Game mode
Random Map
Map size
Tiny (2 player)
Population
200
Speed
Normal
Resources
Standard
Victory
Conquest
Starting age
Dark Age
Ending age
Imperial Age
RankedLock teamsTeams togetherTeam positionsShared explorationLock speedFull tech treeHidden civsTurbo modeCheats
Victory
Defeat
🇨🇴 Maya · Colombia
1652
+14
1619
-14
弩炮射不穿她的心
4:41 Loom
9:40 Feudal Age
10:09 Double-Bit Axe
10:44 Horse Collar
18:56 Castle Age
17:28 Scale Barding Armor
19:23 Forging
19:53 Bloodlines
21:03 Bow Saw
21:35 Husbandry
23:04 Man-at-Arms
23:46 Scale Mail Armor
17_Neo_
0:27 Loom
11:10 Feudal Age
16:12 Castle Age
14:36 Double-Bit Axe
17:22 Squires
16:44 Pikeman
17:51 Forging
18:12 Scale Mail Armor
Connection lost

Rejoining the realm…

Still unreachable

The connection could not be restored.

Session expired

The server has moved on; the page needs a fresh start.